Map: Neon Violet Square LE

Players

NanT - Winner!

  • Race: Zerg Zerg
  • League: Gold
  • Spawn Location: 5:00

Hide

  • Race: Protoss Protoss
  • League: Gold
  • Spawn Location: 11:00

VOD

Have the link to the VOD?

Description

Time

  • Played on: Nov. 29, 2017, 5:11 p.m.
  • Length: 9:45
Show
View Real Time Build Order
Export as new Build Order

NanT Zerg - Winner!

Build Orders: Hatch First 

Get SALT Encoding   

  12  0:01  Drone  
  13  0:13  Overlord  
  13  0:20  Drone  
  14  0:33  Drone x2  
  14  0:35  Drone  
  17  0:56  Drone, Hatchery  
  17  1:01  Drone  
  18  1:10  Extractor  
  17  1:17  Spawning Pool  
  16  1:19  Drone  
  16  1:22  Drone  
  18  1:34  Drone  
  19  1:46  Overlord  
  19  2:05  Zergling x4  
  19  2:06  Queen  
  23  2:12  Queen  
  23  2:13  Metabolic Boost  
  25  2:20  Drone  
  26  2:28  Drone  
  27  2:33  Drone x3  
  27  2:35  Drone  
  31  2:50  Queen  
  33  2:59  Drone x3  
  33  3:01  Overlord  
  36  3:29  Drone  
  36  3:30  Drone x7  
  36  3:31  Overlord x2  
  44  3:36  Lair  
  44  3:42  Extractor  
  43  4:01  Drone x6  
  43  4:02  Drone x2, Hatchery  
  50  4:04  Extractor  
  50  4:06  Extractor  
  48  4:15  Evolution Chamber  
  47  4:20  Baneling Nest  
  47  4:22  Spore Crawler  
  45  4:29  Spore Crawler  
  44  4:43  Hydralisk Den, Zerg Melee Weapons Level 1  
  43  4:59  Overseer  
  43  5:29  Drone x4  
  43  5:30  Drone x7  
  43  5:31  Overlord x2  
  53  5:49  Zergling x2  
  56  5:50  Zergling x12  
  56  5:52  Muscular Augments  
  56  5:54  Drone x2  
  62  6:01  Hydralisk x4  
  69  6:07  Zergling x4  
  71  6:14  Zergling x10  
  76  6:21  Hatchery  
  76  6:22  Drone  
  76  6:23  Drone  
  76  6:24  Drone x2  
  79  6:35  Centrifical Hooks  
  79  6:40  Zerg Ground Armor Level 1  
  79  6:42  Zergling x4  
  79  6:44  Overlord  
  79  6:45  Overlord x2  
  81  6:52  Extractor  
  81  6:53  Drone  
  81  6:54  Overlord, Extractor  
  81  6:55  Overlord x4  
  80  7:07  Hydralisk  
  80  7:08  Hydralisk x6  
  94  7:17  Drone  
  94  7:20  Drone x2  
  97  7:27  Drone x2  
  97  7:28  Drone x5  
  104  7:36  Drone x2  
  104  7:37  Drone x4  
  108  7:42  Zergling x2  
  111  7:47  Zergling x2  
  111  7:48  Zergling x2  
  111  7:50  Baneling x2  
  110  7:54  Baneling  
  110  7:55  Baneling  
  110  7:56  Baneling x16  
  110  7:57  Baneling x8  
  110  7:59  Hydralisk x2  
  95  8:21  Zergling x2  
  95  8:22  Zergling x22  
  103  8:39  Zergling x10  
  101  9:01  Zergling x2  
  101  9:02  Zergling x16  
  108  9:09  Zergling x2  
  109  9:10  Zergling x6  
  109  9:13  Baneling  
  109  9:14  Baneling x16  
  112  9:21  Zergling x8  
  112  9:22  Zergling x16  
  107  9:40  Spore Crawler  
Show
View Real Time Build Order
Export as new Build Order

Hide Protoss 

Build Orders: 1 Gate Expand 

Get SALT Encoding   

  12  0:01  Probe  
  13  0:13  Probe  
  14  0:30  Pylon  
  14  0:34  Probe  
  15  0:51  Gateway  
  15  0:54  Probe  
  15  0:56  Assimilator  
  16  1:06  Probe  
  17  1:18  Probe (Chrono Boost)  
  18  1:30  Probe (Chrono Boost)  
  19  1:39  Nexus  
  19  1:43  Cybernetics Core  
  19  2:01  Gateway  
  19  2:02  Zealot  
  21  2:11  Pylon  
  21  2:21  Warp Gate (Chrono Boost)  
  21  2:24  Assimilator  
  21  2:36  Zealot  
  22  2:48  Probe (Chrono Boost)  
  23  2:55  Zealot  
  26  3:01  Probe (Chrono Boost)  
  28  3:06  Pylon, Probe (Chrono Boost)  
  28  3:11  Probe (Chrono Boost)  
  28  3:16  Adept  
  30  3:20  Probe (Chrono Boost)  
  32  3:31  Probe (Chrono Boost)  
  32  3:32  Probe (Chrono Boost)  
  32  3:33  Probe  
  34  3:34  Stalker  
  36  3:44  Stargate  
  36  3:50  Pylon  
  36  3:55  Pylon  
  36  4:11  Gateway  
  36  4:12  Gateway  
  36  4:14  Probe  
  37  4:23  Probe (Chrono Boost)  
  38  4:26  Probe (Chrono Boost)  
  39  4:35  Probe (Chrono Boost)  
  39  4:37  Probe x2 (Chrono Boost)  
  42  4:41  Probe  
  46  4:46  Oracle  
  46  4:49  Probe  
  46  4:50  Pylon  
  47  4:53  Probe  
  48  5:01  Probe  
  48  5:04  Adept  
  48  5:05  Adept, Probe  
  54  5:52  Stalker x2  
  58  5:59  Gateway  
  58  6:00  Gateway  
  58  6:02  Gateway  
  58  6:05  Gateway  
  58  6:07  Gateway  
  58  6:09  Gateway  
  57  6:24  Stalker x3  
  57  6:25  Stalker  
  65  6:37  Pylon, Assimilator  
  65  6:38  Pylon, Probe (Chrono Boost)  
  67  6:40  Probe (Chrono Boost)  
  67  6:41  Pylon  
  69  6:49  Probe x2 (Chrono Boost)  
  69  6:53  Pylon  
  69  7:11  Zealot  
  69  7:12  Zealot x9  
  89  7:33  Pylon  
  87  7:54  Stalker x7  
  87  7:56  Zealot  
  87  7:57  Zealot x2  
  69  8:23  Stalker  
  69  8:24  Stalker x5  
  69  8:25  Stalker x2  
  45  9:03  Zealot  
  45  9:04  Zealot x9  
Tags
 
Add a new tag
Caveats
  • Supply blocks, unpowered buildings, or Contaminate may cause inaccurate times.
  • Supply counts are checked every 10 seconds.